 Dungeon Crawl Stone Soup version 0.32-a0-986-ga09f62fbf4 (webtiles) character file.

Game seed: 7568563962370988535

923550 Konar the Ex Machina (level 27, -2/231 HPs)
             Began as a Coglin Hunter on Apr 21, 2024.
             Was an Elder of Okawaru.
             Slain by Cerebov
             ... wielding the +6 sword of Cerebov {flame}
              (8 damage)
             ... in Pandemonium.
             The game lasted 01:44:02 (77464 turns).

Konar the Ex Machina (Coglin Hunter)               Turns: 77464, Time: 01:44:02

Health: -2/231     AC: 25    Str: 14    XL:     27
Magic:  49/50      EV: 43    Int: 14    God:    Okawaru [****..]
Gold:   4386       SH:  0    Dex: 32    Spells: 51/63 levels left

rFire   . . .        B - +3 greatsling "Punk" {acid, rCorr}
rCold   + . .        F - +2 hand cannon "Evappun" {speed, +Blink rCorr Int+3}
rNeg    + + +        e - +3 ring mail "Jinoluc" {rElec Regen+ Str+2}
rPois   ∞            f - +2 helmet {SInv}
rElec   +            j - +0 cloak of the Thief {Quiet Slay-3 SInv Stlth+}
rCorr   +            z - +2 pair of gloves {Dex+3}
SInv    +            R - +2 pair of slick slippers {slick, slippery, EV+4}
Will    ++++.        (amulet unavailable)
Stlth   ++++         (ring unavailable)
HPRegen 1.38/turn    (ring unavailable)
MPRegen 0.32/turn    P - hyperautomatic whirligig {rF+ Slay+3 Clar RMsl}

%: repel missiles, clarity
@: death-form, heroic, finesse-ful, fire vulnerable, studying Invocations,
revved
A: vile attack, torment immunity, no potions, off-hand wielding, slow wielding,
warmup strikes, no jewellery, iridescent scales 1, high MP 1, strong-willed 1,
MP-powered wands
}: 8/15 runes: decaying, serpentine, slimy, silver, abyssal, glowing, magical,
dark
a: Siphon Essence, Begin Untransformation, Renounce Religion, Evoke Blink,
Heroism, Finesse


You were in Pandemonium.
You worshipped Okawaru.
Okawaru was greatly pleased with you.
You were an undying horror.
You visited 12 branches of the dungeon, and saw 54 of its levels.
You visited Pandemonium 2 times, and saw 13 of its levels.
You visited the Abyss 4 times.
You also visited: Trove, Bailey, Ice Cave and Wizlab.

You collected 13690 gold pieces.
You spent 9304 gold pieces at shops.

Inventory:

Hand Weapons
 B - the +3 greatsling "Punk" (weapon) {acid, rCorr}
   (You acquired it on level 1 of the Lair of Beasts)

   rCorr:     It protects you from acid and corrosion.
 F - the +2 hand cannon "Evappun" (offhand) {speed, +Blink rCorr Int+3}
   (Okawaru gifted it to you on level 2 of the Lair of Beasts)

   Int+3:     It affects your intelligence (+3).
   +Blink:    It lets you blink.
   rCorr:     It protects you from acid and corrosion.
Armour
 e - the +3 ring mail "Jinoluc" (worn) {rElec Regen+ Str+2}
   (You bought it in a shop on level 2 of the Snake Pit)

   Str+2:     It affects your strength (+2).
   rElec:     It insulates you from electricity.
   Regen+:    It increases your rate of health regeneration.
 f - a +2 helmet of see invisible (worn)
 h - a +0 cloak of willpower
 j - the +0 cloak of the Thief (worn) {Quiet Slay-3 SInv Stlth+}
   (You took it off a purple draconian on level 4 of the Realm of Zot)

   Quiet:     All noise in your surroundings is dampened.
   Slay-3:    It affects your accuracy & damage with ranged weapons and melee
   (-3).
   SInv:      It lets you see invisible.
   Stlth+:    It makes you more stealthy.
 z - a +2 pair of gloves of dexterity (worn)
 D - the +5 moon troll leather armour {Spirit, Regen++ MP+5}
   (You took it off a deep elf death mage on level 3 of the Elven Halls)

   MP+5:      It affects your magic capacity (+5).
   Regen++:   It increases your rate of health regeneration.
 G - the +10 crystal plate armour of the Cricket {Rampage rElec Will- Str+5}
   (You bought it in a shop on level 2 of the Snake Pit)

   Str+5:     It affects your strength (+5).
   rElec:     It insulates you from electricity.
   Will-:     It decreases your willpower.
   Rampage:   It bestows one free step when moving towards enemies.
 R - the +2 pair of slick slippers (worn) {slick, slippery, EV+4}
   (You bought it in a shop on level 2 of the Orcish Mines)

   Slick:     Its wearer cannot be constricted, engulfed, netted, webbed, or
   stopped by binding sigils.
   Slippery:  Its wearer slips away from damaging melee attacks, pulling the
   attacker onward.
   EV+4:      It affects your evasion (+4).
Gizmo
 P - a hyperautomatic whirligig (installed) {rF+ Slay+3 Clar RMsl}
   (You invented it yourself on level 5 of the Lair of Beasts)

   [hyperautomatic whirligig]

   Slay+3:    It affects your accuracy & damage with ranged weapons and melee
   (+3).
   rF+:       It protects you from fire.
   Clar:      It protects you from confusion, rage, mesmerisation and fear.
   RMsl:      It protects you from missiles.
Talismans
 s - a talisman of death (active)
Wands
 c - a wand of quicksilver (91)
 v - a wand of paralysis (88)
 V - a wand of iceblast (39)
 W - a wand of digging (16)
Scrolls
 b - a scroll of butterflies
 g - a scroll of torment
 l - 22 scrolls of teleportation
 m - 7 scrolls of vulnerability
 o - 7 scrolls of immolation
 t - 13 scrolls of revelation
 u - a scroll of silence
 x - 11 scrolls of fog
 y - 45 scrolls of identify
 E - 5 scrolls of fear
 J - 8 scrolls of poison
 L - 6 scrolls of blinking
Potions
 a - 3 potions of ambrosia
 d - 5 potions of magic
 i - 9 potions of mutation
 k - a potion of resistance
 n - 13 potions of lignification
 p - 9 potions of haste
 q - 10 potions of cancellation
 r - 11 potions of brilliance
 A - 5 potions of invisibility
 I - 37 potions of curing
 M - 4 potions of enlightenment
 Q - 11 potions of heal wounds
Miscellaneous
 w - a tin of tremorstones (2/2)
 C - a lightning rod (4/4)
 O - a Gell's gravitambourine (2/2)


   Skills:
 - Level 22.0(27) Fighting
 - Level 18.0(23.0) Ranged Weapons
 * Level 13.8(18.8) Armour
 - Level 22.0(27) Dodging
 - Level 0.7(5.7) Stealth
 + Level 18.7 Spellcasting
 + Level 15.3 Air Magic
 - Level 10.0 Invocations
 O Level 27 Evocations
 - Level 23.0 Shapeshifting


You had 51 spell levels left.
You knew the following spells:

 Your Spells              Type           Power      Damage    Failure   Level
a - Arcjolt               Conj/Air       17%        1d27      8%          5
b - Magnavolt             Erth/Air       17%        3d13      93%         7

Your spell library contained the following spells:

 Spells                   Type           Power      Damage    Failure   Level
 Shock                    Conj/Air       100%       1d9       1%          1
 Cigotuvi's Dreadful Rot  Necr/Alch/Air  54%        N/A       1%          2
 Static Discharge         Conj/Air       68%        3-6/arc   1%          2
 Swiftness                Air            54%        N/A       1%          3
 Airstrike                Air            27%        2d(4-20)  1%          4
 Vhi's Electric Charge    Tloc/Air       68%        N/A       2%          4
 Foxfire                  Conj/Fire      52%        2x1d6     6%          1
 Freeze                   Ice            52%        1d6       6%          1
 Magic Dart               Conj           52%        1d5       6%          1
 Slow                     Hex            52%        N/A       6%          1
 Sting                    Conj/Alch      52%        1d6       6%          1
 Blink                    Tloc           26%        N/A       10%         2
 Ensorcelled Hibernation  Hex/Ice        26%        N/A       10%         2
 Lesser Beckoning         Tloc           26%        N/A       10%         2
 Scorch                   Fire           26%        2d6       10%         2
 Searing Ray              Conj           26%        2d5       10%         2
 Sublimation of Blood     Necr           13%        N/A       10%         2
 Confusing Touch          Hex            13%        N/A       19%         3
 Dazzling Flash           Conj/Hex       26%        N/A       19%         3
 Frozen Ramparts          Ice            26%        1d4       19%         3
 Hailstorm                Conj/Ice       13%        3d6       19%         3
 Inner Flame              Hex/Fire       13%        N/A       19%         3
 Maxwell's Portable Pile  Tloc           13%        2d(6-17)  19%         3
 Ozocubu's Armour         Ice            13%        N/A       19%         3
 Passwall                 Erth           13%        N/A       19%         3
 Stone Arrow              Conj/Erth      26%        3d8       19%         3
 Teleport Other           Tloc           13%        N/A       19%         3
 Vampiric Draining        Necr           13%        2d6       19%         3
 Volatile Blastmotes      Fire/Tloc      26%        2d12      19%         3
 Freezing Cloud           Conj/Ice/Air   13%        6-21      22%         5
 Plasma Beam              Fire/Air       17%        2x1d28    38%         6
 Brom's Barrelling Bould  Conj/Erth      13%        2d4       54%         4
 Dimensional Bullseye     Hex/Tloc       6%         N/A       54%         4
 Dispel Undead            Necr           13%        3d9       54%         4
 Flame Wave               Conj/Fire      13%        2d6       54%         4
 Fulminant Prism          Conj/Alch      6%         3d7       54%         4
 Ignite Poison            Fire/Alch      13%        N/A       54%         4
 Iskenderun's Mystic Bla Conj/Tloc 13%            2d5        (+2d2     54%         4
 Leda's Liquefaction      Alch/Erth      6%         N/A       54%         4
 Olgreb's Toxic Radiance  Alch           13%        N/A       54%         4
 Passage of Golubria      Tloc           13%        N/A       54%         4
 Curse of Agony           Necr           13%        N/A       87%         5
 Irradiate                Conj/Alch      6%         3d13      87%         5
 Iskenderun's Battlesphe  Conj           13%        2d7       87%         5
 Lee's Rapid Deconstruct  Erth           6%         3d6*      87%         5
 Yara's Violent Unravell  Hex/Alch       6%         3d5       87%         5
 Bombard                  Conj/Erth      6%         9d2       100%        6
 Dispersal                Tloc           6%         N/A       100%        6
 Gell's Gavotte           Tloc           6%         2d(14-20) 100%        6
 Permafrost Eruption      Ice/Erth       6%         2x4d3     100%        6
 Starburst                Conj/Fire      6%         6d4       100%        6
 Manifold Assault         Tloc           6%         N/A       100%        7
 Orb of Destruction       Conj           6%         9d6       100%        7
 Rimeblight               Ice/Necr       6%         2d4       (prima100%   7
 Borgnjor's Revivificati  Necr           6%         N/A       100%        8
 Disjunction              Tloc           6%         N/A       100%        8
 Fulsome Fusillade        Conj/Alch      6%         (3-5)d5   100%        8
 Ignition                 Fire           6%         3d4       100%        8
 Lehudib's Crystal Spear  Conj/Erth      6%         10d3      100%        8
 Death's Door             Necr           6%         N/A       100%        9
 Summon Lightning Spire   Summ/Air       Unusable   N/A       N/A         4
 Call Imp                 Summ           Unusable   N/A       N/A         2
 Summon Ice Beast         Ice/Summ       Unusable   N/A       N/A         3
 Tukima's Dance           Hex            Unusable   N/A       N/A         3
 Animate Armour           Summ/Erth      Unusable   N/A       N/A         4
 Martyr's Knell           Necr/Summ      Unusable   N/A       N/A         4
 Summon Blazeheart Golem  Fire/Summ      Unusable   N/A       N/A         4
 Death Channel            Necr           Unusable   N/A       N/A         6
 Sculpt Simulacrum        Ice/Alch       Unusable   N/A       N/A         6
 Summon Cactus Giant      Summ           Unusable   N/A       N/A         6
 Haunt                    Necr/Summ      Unusable   N/A       N/A         7
 Seismic Cannonade        Alch/Erth      Unusable   6d5       N/A         7
 Spellforged Servitor     Conj/Summ      Unusable   N/A       N/A         7
 Summon Hydra             Summ           Unusable   N/A       N/A         7

Dungeon Overview and Level Annotations

Branches:
Dungeon (15/15)            Temple (1/1) D:4            Lair (5/5) D:8
  Swamp (4/4) Lair:2        Snake (4/4) Lair:3        Slime (5/5) Lair:5
    Orc (2/2) D:9             Elf (3/3) Orc:2        Vaults (5/5) D:14
  Crypt (0/3) Vaults:2     Depths (4/4) D:15           Hell (visited)
    Dis (0/7) Hell            Geh (0/7) Hell            Coc (0/7) Hell
    Tar (0/7) Hell            Zot (5/5) Depths:4     Bailey (visited)
  IceCv (visited)          WizLab (visited)

Altars:
Ashenzari
Cheibriados
Dithmenos
Elyvilon
Fedhas
Gozag
Hepliaklqana
Kikubaaqudgha
Makhleb
Nemelex Xobeh
Okawaru
Qazlal
Ru
Sif Muna
Trog
Uskayaw
Vehumet
Wu Jian
Xom
Yredelemnul
Zin
The Shining One
Beogh

Shops:
D:8 (   D:14 :   Orc:1 (   Orc:2 :(*[   Elf:1 (   Elf:2 *   Snake:2 ?=[!*
Snake:4 :[*=   Vaults:1 ([(   Vaults:2 ?   Vaults:4 !   Vaults:5 =   Depths:1 (
Depths:4 (*

Portals:
Hell: Depths:1 Depths:2 Depths:3 Depths:4
Abyss: Depths:1 Depths:2 Depths:3 Depths:4
Pandemonium: Depths:1 Depths:2 Depths:3
Ziggurat: Depths:1

Annotations:
D:8 exclusion: centaur warrior
D:15 4 transporters
Swamp:2 3 runed translucent doors, suomimenusko's ghost, adept NaFi
Swamp:3 Mara
Snake:3 6 transporters
Zot:1 1 transporter, Juzit's ghost, legendary GnFi
Pan Cerebov


Innate Abilities, Weirdness & Mutations

You are an undying horror.
Your melee and unarmed attacks drain, slow and weaken victims.
You are immune to unholy pain and torment.
You cannot drink.
You are immune to poison.
You can wield a second weapon in your off-hand.
It takes a long time for you to wield or remove held weapons.
Your first few attacks do less damage.
You cannot equip rings or amulets.
You are partially covered in iridescent scales. (AC +2)
You have an increased reservoir of magic. (+10% MP)
You are strong-willed. (Will+)
You expend magic power (3 MP) to strengthen your wands.


Message History

* * * LOW HITPOINT WARNING * * *
The fire vortex dissipates!
The fire vortex closely misses you.
You shoot a slug. The slug hits Cerebov!!!
Cerebov is severely wounded.
You shoot a sling bullet. The sling bullet hits Cerebov!
Cerebov is splashed with acid.
Cerebov is severely wounded.
A fire vortex comes into view.
Cerebov completely misses you.
You shoot a sling bullet. The sling bullet hits Cerebov!!
Cerebov is splashed with acid.
Cerebov is severely wounded.
You shoot a slug. The slug hits Cerebov!!
Cerebov is severely wounded.
A fire vortex comes into view. x2
You shoot a sling bullet. The sling bullet hits Cerebov!!!
Cerebov is splashed with acid!
Cerebov seems to be corroded for longer.
Cerebov is severely wounded.
You shoot a slug.
The slug hits Cerebov but does no damage.
Cerebov is severely wounded.
Cerebov closely misses you.
You shoot a sling bullet. The sling bullet hits Cerebov!
Cerebov is splashed with acid.
Cerebov seems to be corroded for longer.
Cerebov is almost dead.
You shoot a slug. The slug hits Cerebov!!
Cerebov is almost dead.
You shoot a sling bullet. The sling bullet hits Cerebov!
Cerebov is splashed with acid.
Cerebov seems to be corroded for longer.
Cerebov is almost dead.
You shoot a slug. The slug hits Cerebov!!
Cerebov is almost dead.
Cerebov hits you with the +6 sword of Cerebov!!!
* * * LOW HITPOINT WARNING * * *
Cerebov burns you!
You die...

.......# #.....###'#....# ##
.......# #.....#...#....# #.
.......# #.....#...#....# #.
.......# #.....#...#....# #.
.......# #.....#...#....# #.
.......# #..§..#...#....# #.
.......#####.§§v§#...#....# ###.
#............§§§§#...#....# #...
#............§§vz#####....####...
###..........§§&§v§§.............
.............§§1§v§..............
.............§§§§§..........^....
...)...()........................
..).....)..°................)....
.)....○v.........................
.#####○○.......#####.............
.#$$$###1..v.### #..........)..


You could see Cerebov (fast, corroded), a Brimstone Fiend (summoned, corroded)
and 4 fire vortices.

Vanquished Creatures
  Gloorx Vloq (Pan)
  the Royal Jelly (Slime:5)
  Lom Lobon (Pan)
  Mnoleg (Pan)
  11 dread liches
  8 pandemonium lords (Pan)
  4 ancient liches (Zot:5)
  5 orbs of fire
  Mennas (Pan)
  A juggernaut (Depths:3)
  The ghost of Netemen the Epochal, a master GnFi of Cheibriados (Zot:4)
  Vv (Depths:3)
  4 Killer Klowns
  Vashnia (Snake:2)
  Saint Roka (Snake:2)
  A curse toe (Zot:2)
  16 caustic shrikes
  18 golden dragons
  Geryon (Hell)
  Jory (Vaults:5)
  4 bone dragons
  7 Brimstone Fiends (Pan)
  4 Tzitzimimeh
  4 doom hounds (Hell)
  5 electric golems
  6 Hell Sentinels (Pan)
  21 tentacled monstrosities
  25 Orb Guardians (Zot:5)
  2 deep elf master archers (Elf:3)
  A hellephant (Abyss:3)
  9 liches
  22 acid blobs
  3 titans
  6 sphinxes
  3 deep elf blademasters
  2 walking divine tomes
  11 quicksilver dragons
  An eldritch tentacle (Pan)
  Gastronok (Lair:1)
  21 Executioners (Pan)
  Kirke (Lair:3)
  12 death cobs
  Frances (Elf:1)
  9 shadow dragons
  2 thorn hunters
  6 tentacled starspawn
  Roxanne (Elf:1)
  A daeva (Abyss:3)
  4 tengu reavers
  4 draconian monks
  A fenstrider witch (Pan)
  13 nagarajas
  16 storm dragons
  Aizul (Snake:4)
  A revenant (Vaults:2)
  11 rockslimes
  10 protean progenitors
  8 fire giants
  10 demonspawn warmongers (Pan)
  9 frost giants
  2 draconian knights
  Donald (Swamp:3)
  3 draconian scorchers
  8 azure jellies
  2 emperor scorpions (Pan)
  11 deep elf sorcerers
  A caustic shrike zombie (Depths:3)
  6 iron dragons
  5 draconian shifters
  16 balrugs
  2 curse skulls (Pan)
  3 orc warlords
  5 draconian stormcallers
  18 vault wardens
  A ghost moth (Zot:5)
  A deep elf elementalist (Elf:3)
  A juggernaut zombie (Abyss:3)
  3 angels (Pan)
  14 demonspawn corrupters
  19 cacodemons (Pan)
  6 draconian annihilators
  5 caustic shrike skeletons (Pan)
  20 reapers
  3 broodmothers
  8 formless jellyfish
  17 ironbound preservers
  21 stone giants
  2 spriggan defenders (Depths:4)
  3 demonspawn blood saints (Pan)
  13 quicksilver oozes
  18 very ugly things
  6 deep elf death magi
  9 ironbound thunderhulks
  5 juggernaut skeletons (Pan)
  8 black draconians
  5 deep elf demonologists (Elf:3)
  3 vampire knights
  7 red draconians
  11 green draconians
  11 war gargoyles
  5 eleionomae
  Nessos (D:15)
  9 demonspawn black suns (Pan)
  7 deep elf annihilators
  14 dire elephants
  7 purple draconians
  11 bunyips
  9 yellow draconians
  19 spark wasps
  10 blizzard demons (Pan)
  An eidolon (Abyss:2)
  11 white draconians
  8 lorocyprocas (Pan)
  12 ettins
  2 crystal guardians
  Josephine (Orc:2)
  17 green deaths
  10 fire dragons
  3 entropy weavers
  10 deep elf high priests
  Fannar (D:11)
  9 ice dragons
  14 yaktaur captains
  15 great orbs of eyes
  Erolcha (D:11)
  11 anacondas
  2 jorogumos (Pan)
  7 peacekeepers
  34 vault guards
  8 rakshasas
  4 spriggan air magi
  6 hell beasts
  24 hydras
  2 ghost crabs
  16 ironbound frosthearts
  4 ogre magi
  A salamander tyrant (Snake:4)
  A caustic shrike simulacrum (Hell)
  2 catoblepae
  21 centaur warriors
  3 two-headed ogres
  8 boulder beetles
  31 dancing weapons
  9 death yaks
  5 merfolk aquamancers
  A death knight (D:14)
  8 deep troll earth magi
  14 alligators
  A sphinx skeleton (Vaults:1)
  2 hell hogs (Hell)
  12 deep troll shamans
  6 occultists (WizLab)
  A titan zombie (Depths:1)
  9 tengu warriors
  4 orc high priests
  11 demonic crawlers
  2 spriggan berserkers
  9 shock serpents
  15 thrashing horrors
  Urug (D:13)
  19 naga sharpshooters
  13 naga warriors
  2 vampire magi
  13 deep elf knights
  A storm dragon zombie (Depths:3)
  61 sun demons
  34 hell knights
  Sonja (Lair:3)
  26 sixfirhies
  37 soul eaters
  2 skysharks
  3 wretched stars (Abyss:3)
  Amaemon (D:11)
  4 hellephant skeletons (Pan)
  A shadow wraith (Abyss:3)
  12 iron trolls
  3 anaconda zombies (Hell)
  58 deep trolls
  11 deep elf archers
  6 salamander mystics
  3 spatial maelstroms
  10 goliath frogs
  3 sea snakes (Zot:1)
  19 shadow demons
  A storm dragon skeleton (Hell)
  A glowing orange brain (shapeshifter) (Depths:3)
  7 mana vipers
  6 glowing orange brains
  11 naga ritualists
  12 swamp dragons
  4 sun moths (Pan)
  A tengu zombie (Depths:1)
  15 necromancers
  3 flayed ghosts
  31 deep elf pyromancers
  23 ironbound convokers
  2 bog bodies (Swamp:2)
  6 spriggan druids
  8 arcanists
  2 steelbarb worms (shapeshifter)
  10 lindwurms
  7 phantasmal warriors
  2 alligator zombies (Hell)
  12 orc knights
  2 tengu skeletons
  5 thermic dynamos
  19 starcursed masses
  17 deep elf zephyrmancers
  3 wolf spiders
  A shadow dragon skeleton (Vaults:4)
  A frost giant zombie (Vaults:1)
  3 obsidian bats
  4 harpies (Vaults:2)
  18 cyclopes
  31 ugly things
  2 draconians (Abyss:3)
  5 orc sorcerers
  7 will-o-the-wisps
  A sphinx simulacrum (D:14)
  A faun (shapeshifter) (Vaults:5)
  7 shining eyes
  20 salamanders
  An iron dragon zombie (Depths:3)
  A shining eye (shapeshifter) (Vaults:5)
  An apocalypse crab (Abyss:3)
  5 manticores
  4 guardian serpents
  2 black mambas (shapeshifter)
  6 worldbinders
  11 rust devils
  28 black mambas
  A kobold blastminer (Orc:2)
  13 naga magi
  22 moths of wrath
  17 elephants
  25 vault sentinels
  An alligator skeleton (Hell)
  2 molten gargoyles
  2 ice statues (IceCv)
  4 meliai
  A guardian serpent (shapeshifter) (Depths:4)
  A water nymph (shapeshifter) (Vaults:5)
  10 eyes of devastation
  A torpor snail (WizLab)
  39 smoke demons
  12 cane toads
  35 large abominations
  24 orange demons
  Maggie (D:8)
  An eye of devastation (shapeshifter) (Depths:3)
  2 gargoyles
  5 efreet
  2 human zombies
  A yaktaur zombie (Vaults:1)
  6 freezing wraiths
  5 komodo dragons
  5 rime drakes
  11 tormentors
  9 hellions
  A sea snake zombie (Hell)
  7 tengu conjurers
  2 anaconda simulacra
  26 yaktaurs
  A spark wasp simulacrum (Depths:1)
  14 ice devils
  7 ancient zymes
  A yaktaur skeleton (Vaults:1)
  A hydra zombie (Hell)
  2 guardian mummies (Depths:4)
  A sea snake skeleton (Hell)
  4 red devils
  A queen bee (shapeshifter) (Elf:1)
  A polar bear (shapeshifter) (D:14)
  5 bloated husks
  3 polar bears
  A wind drake (shapeshifter) (D:14)
  10 trolls
  10 tyrant leeches
  18 hornets
  26 hellwings (Pan)
  8 glass eyes
  4 jumping spiders (Pan)
  17 raiju (Abyss:3)
  8 blink frogs (Lair:2)
  7 dream sheep (Lair:5)
  134 slime creatures
  An air elemental (Elf:2)
  An elf zombie (Vaults:4)
  Sigmund (D:5)
  A centaur simulacrum (D:14)
  3 shadows
  3 dire elephant simulacra (IceCv)
  8 wraiths
  A yak (shapeshifter) (Abyss:2)
  21 ynoxinuls
  4 fire elementals
  A fire dragon skeleton (Hell)
  A vampire (D:12)
  38 yaks
  11 spriggans
  A water elemental (Hell)
  2 wargs
  A hog (shapeshifter) (Elf:1)
  24 neqoxecs
  3 hogs (Lair:3)
  11 golden eyes
  2 steam dragons
  Grum (D:11)
  6 basilisks
  2 death yak simulacra (IceCv)
  35 chaos spawn (Pan)
  12 vampire mosquitoes
  6 spatial vortices
  3 harpy simulacra
  41 nagas
  20 swamp worms
  17 water moccasins
  4 hydra simulacra (IceCv)
  2 acid dragons
  A glowing shapeshifter skeleton (Depths:3)
  4 hell hounds (Hell)
  An ogre skeleton (Vaults:1)
  10 swamp drakes
  A meliai simulacrum (D:14)
  An ice beast (D:5)
  4 black bears
  9 ogres
  39 orc warriors
  2 human skeletons
  3 laughing skulls
  9 wolves
  A boggart (D:14)
  7 small abominations
  9 centaurs
  3 phantoms
  2 kobold brigands
  A brain worm (Abyss:3)
  14 bullfrogs
  5 gnoll sergeants
  5 scorpions
  4 earth elementals
  6 killer bees
  3 troll zombies (D:9)
  2 human simulacra (Vaults:1)
  3 electric eels (Lair:2)
  3 howler monkeys
  A bombardier beetle (D:7)
  4 jellies
  2 gnoll boudas (D:6)
  27 orc priests
  4 hounds
  4 iron imps
  3 iguanas
  20 orc wizards
  22 hell rats
  A spriggan simulacrum (IceCv)
  A wolf simulacrum (IceCv)
  5 ogre zombies (D:9)
  Robin (D:1)
  17 gnolls
  7 adders
  A howler monkey simulacrum (D:9)
  5 white imps
  5 ufetubi
  5 ribbon worms
  2 dart slugs (D:1)
  90 orcs
  6 endoplasms
  A giant cockroach (D:3)
  4 gnoll zombies (D:9)
  13 goblins
  7 hobgoblins
  10 jackals
  3 quokkas (D:1)
  5 ball pythons
  3 bats (D:2)
  4 frilled lizards
  3 gnoll skeletons (D:9)
  17 kobolds
  3 orc skeletons (D:9)
  15 orc zombies (D:9)
  3 rats
  3 aspiring fleshes
  6 ball lightnings (Pan)
  2 fire vortices (Pan)
  A lurking horror (Abyss:3)
  5 starspawn tentacles (Abyss:3)
3235 creatures vanquished.

Vanquished Creatures (others)
  A pandemonium lord (Pan)
  An eldritch tentacle (Pan)
  An ettin (Vaults:5)
  A spriggan druid (Swamp:2)
  A smoke demon (Pan)
  2 orange demons
  A ynoxinul (Depths:1)
  An air elemental (Elf:3)
  A chaos spawn (Pan)
  A jelly (Abyss:3)
  An orc wizard (D:8)
  4 hell rats (Hell)
  5 ball lightnings
  A fire vortex (Pan)
  10 foxfires
  5 starspawn tentacles
37 creatures vanquished.

Grand Total: 3272 creatures vanquished

Notes
Turn   | Place    | Note
-------+----------+-------------------------------------------
     0 | D:1      | Konar the Coglin Hunter began the quest for the Orb.
     0 | D:1      | Reached XP level 1. HP: 16/16 MP: 1/1
   166 | D:1      | Reached XP level 2. HP: 22/22 MP: 2/2
   517 | D:1      | Reached XP level 3. HP: 28/28 MP: 3/3
   939 | D:2      | Noticed Robin
   949 | D:1      | Killed Robin
  1214 | D:2      | Reached XP level 4. HP: 34/34 MP: 4/4
  1514 | D:2      | Found a faded altar of an unknown god.
  1581 | D:2      | Prayed at the altar of an unknown god.
  1581 | D:2      | Became a worshipper of Sif Muna the Loreminder
  1581 | D:2      | Reached * piety under Sif Muna
  1582 | D:2      | Fell from the grace of Sif Muna
  2419 | D:3      | Reached skill level 5 in Ranged Weapons
  2474 | D:3      | Reached XP level 5. HP: 41/41 MP: 5/5
  2645 | D:3      | Found a hide-covered altar of Uskayaw.
  2647 | D:3      | Found a shadowy altar of Dithmenos.
  2650 | D:3      | Found an opulent altar of Gozag.
  2651 | D:3      | Found a stormy altar of Qazlal.
  2651 | D:3      | Found a blossoming altar of Fedhas.
  2651 | D:3      | Found an ancient bone altar of Kikubaaqudgha.
  2653 | D:3      | Found an iron altar of Okawaru.
  2658 | D:3      | Became a worshipper of Warmaster Okawaru
  2930 | D:4      | Reached skill level 1 in Shapeshifting
  2931 | D:4      | Found a staircase to the Ecumenical Temple.
  2937 | Temple   | Entered the Ecumenical Temple
  2968 | D:4      | Got First Steps in the Sigils and Symbols
  3029 | D:4      | Reached XP level 6. HP: 47/47 MP: 6/6
  3056 | D:4      | Identified the +1 war axe of Fomicost {holy, *Slow rElec
                  | Int+3}
  3496 | D:5      | Entered Level 5 of the Dungeon
  3546 | D:5      | Noticed Sigmund
  3556 | D:5      | Killed Sigmund
  3556 | D:5      | Reached * piety under Okawaru
  3557 | D:5      | Reached XP level 7. HP: 44/54 MP: 7/7
  4277 | D:5      | Reached ** piety under Okawaru
  4278 | D:5      | Reached XP level 8. HP: 61/61 MP: 8/8
  4751 | D:6      | Noticed a troll
  4756 | D:6      | Killed a troll
  4757 | D:6      | Reached skill level 5 in Fighting
  5364 | D:6      | Reached *** piety under Okawaru
  5365 | D:6      | Reached skill level 5 in Shapeshifting
  5382 | D:6      | Reached XP level 9. HP: 56/68 MP: 9/9
  5426 | D:6      | Found the +5 woodcutter's axe
  6533 | D:8      | Found Jeunlyf's Weapon Emporium.
  6544 | D:8      | Bought a +1 arbalest of freezing for 151 gold pieces
  7237 | D:8      | Found a staircase to the Lair.
  7259 | D:8      | Reached **** piety under Okawaru
  7416 | D:8      | Noticed Maggie
  7431 | D:8      | Killed Maggie
  7537 | D:8      | Was forgiven by Sif Muna
  7627 | D:8      | Noticed a centaur warrior
  7874 | D:9      | Found a flagged portal.
  7882 | Bailey   | Entered a bailey
  7936 | Bailey   | Reached XP level 10. HP: 77/77 MP: 10/10
  7969 | Bailey   | Found a large runed translucent door.
  7969 | Bailey   | Found a large runed translucent door.
  8041 | Bailey   | Noticed a deep elf pyromancer
  8053 | Bailey   | Noticed an orc knight
  8058 | Bailey   | Killed an orc knight
  8132 | Bailey   | Killed a deep elf pyromancer
  8132 | Bailey   | Reached ***** piety under Okawaru
  8133 | Bailey   | Reached skill level 10 in Ranged Weapons
  8453 | D:9      | Found a staircase to the Orcish Mines.
  8654 | D:9      | Reached XP level 11. HP: 70/86 MP: 11/11
  9370 | D:10     | Entered Level 10 of the Dungeon
  9529 | D:10     | Received a gift from Okawaru
 10160 | D:10     | Found a hazy altar of Hepliaklqana.
 10334 | Lair:1   | Entered Level 1 of the Lair of Beasts
 10514 | Lair:1   | Identified a scroll of acquirement
 10515 | Lair:1   | Acquired the +3 greatsling "Punk" {acid, rCorr}
 10515 | Lair:1   | Found the +3 greatsling "Punk" {acid, rCorr}
 10791 | Lair:1   | Noticed Gastronok
 10798 | Lair:1   | Killed Gastronok
 10799 | Lair:1   | Reached skill level 5 in Dodging
 10855 | Lair:1   | Received a gift from Okawaru
 11065 | Lair:1   | Noticed a boulder beetle
 11072 | Lair:1   | Killed a boulder beetle
 11301 | Lair:2   | Reached XP level 12. HP: 96/96 MP: 12/12
 11406 | Lair:2   | You fall into a shaft and drop 1 floor!
 11448 | Lair:2   | Found a blossoming altar of Fedhas.
 11509 | Lair:2   | Received a gift from Okawaru
 11511 | Lair:2   | Found a staircase to the Swamp.
 11581 | Lair:2   | Reached skill level 1 in Invocations
 11683 | Lair:2   | Noticed a six-headed hydra
 12026 | Lair:2   | Reached ****** piety under Okawaru
 12033 | Lair:2   | Received a gift from Okawaru
 12034 | Lair:2   | Acquired the +2 hand cannon "Evappun" {speed, +Blink rCorr
                  | Int+3}
 12034 | Lair:2   | Received a gift from Okawaru
 12036 | Lair:2   | Acquired the +0 pair of boots of Veicuot {Harm rPois rF-
                  | rN++}
 12036 | Lair:2   | Received a gift from Okawaru
 12310 | Lair:2   | Killed a six-headed hydra
 12323 | Lair:2   | Reached skill level 10 in Fighting
 12853 | Lair:3   | Noticed a skyshark
 12857 | Lair:3   | Killed a skyshark
 12957 | Lair:3   | Found a staircase to the Snake Pit.
 12961 | Lair:3   | Received a gift from Okawaru
 12974 | Lair:3   | Reached XP level 13. HP: 33/104 MP: 15/15
 13163 | Lair:3   | Noticed Sonja
 13166 | Lair:3   | Killed Sonja
 13228 | Lair:3   | Noticed Kirke
 13239 | Lair:3   | Killed Kirke
 13814 | Lair:4   | Received a gift from Okawaru
 13989 | Lair:4   | Identified the +4 orcbow of Immorality {heavy, rPois rF++
                  | Int-5 Dex-3}
 14279 | Lair:4   | Reached skill level 5 in Invocations
 14315 | Lair:4   | Identified the +2 dagger "Baiq" {freeze, rElec Int+2}
 14360 | Lair:4   | Received a gift from Okawaru
 14712 | Lair:5   | Entered Level 5 of the Lair of Beasts
 14793 | Lair:5   | Reached XP level 14. HP: 70/113 MP: 18/18
 14945 | Lair:5   | Reached skill level 15 in Ranged Weapons
 14970 | Lair:5   | Found a staircase to the Slime Pits.
 15384 | Lair:5   | Received a gift from Okawaru
 15487 | Lair:5   | Received a gift from Okawaru
 15598 | Lair:5   | Acquired a hyperautomatic whirligig {rF+ Slay+3 Clar RMsl}
 15759 | Orc:1    | Entered Level 1 of the Orcish Mines
 15796 | Orc:2    | Entered Level 2 of the Orcish Mines
 15800 | Orc:2    | Noticed Josephine
 15805 | Orc:2    | Killed Josephine
 15888 | Orc:2    | Found Ypeec's General Store.
 15903 | Orc:2    | Bought a potion of heal wounds for 85 gold pieces
 15995 | Orc:1    | Found Haklocruatt's Weapon Emporium.
 16069 | Orc:1    | Paralysed by an ogre mage for 5 turns
 16114 | Orc:1    | Received a gift from Okawaru
 16526 | Orc:2    | Noticed a stone giant
 16530 | Orc:2    | Killed a stone giant
 16601 | Orc:2    | Found a staircase to the Elven Halls.
 16630 | Orc:2    | Found Mojiec's Antique Armour Boutique.
 16639 | Orc:2    | Reached XP level 15. HP: 104/122 MP: 20/20
 16713 | Orc:2    | Bought the +2 pair of slick slippers {slick, slippery,
                  | EV+4} for 972 gold pieces
 16713 | Orc:2    | Found the +2 pair of slick slippers {slick, slippery, EV+4}
 16986 | Orc:2    | Found Etuufuse's Book Shop.
 17006 | Orc:2    | Noticed an orc warlord
 17012 | Orc:2    | Killed an orc warlord
 17012 | Orc:2    | Received a gift from Okawaru
 17027 | Orc:2    | Reached skill level 10 in Dodging
 17092 | Orc:2    | Found Roaph's Antique Weapon Emporium.
 17176 | Orc:2    | Found a roughly hewn altar of Beogh.
 17458 | Orc:2    | Bought a glowing cloak for 270 gold pieces
 17795 | D:11     | Noticed Amaemon
 17801 | D:11     | Killed Amaemon
 17801 | D:11     | Received a gift from Okawaru
 17857 | D:11     | Found a frozen archway.
 17951 | IceCv    | Entered an ice cave
 18417 | D:11     | Acquired a manual of Spellcasting
 18465 | D:11     | Noticed Grum
 18467 | D:11     | Killed Grum
 18475 | D:11     | Noticed Erolcha
 18477 | D:11     | Killed Erolcha
 18477 | D:11     | Received a gift from Okawaru
 18697 | D:11     | Noticed Fannar
 18706 | D:11     | Killed Fannar
 19097 | D:12     | Found a broken altar of Ashenzari.
 19169 | D:12     | Found a roughly hewn altar of Beogh.
 19555 | D:13     | Noticed Urug
 19559 | D:13     | Killed Urug
 20062 | D:13     | Received a gift from Okawaru
 20195 | D:13     | Reached XP level 16. HP: 104/131 MP: 22/22
 20482 | D:14     | Found Ujumpawk's Book Boutique.
 20664 | D:14     | Found a gate to the Vaults.
 20875 | D:14     | Received a gift from Okawaru
 20920 | D:14     | Identified the +2 arbalest "Impslayer" {drain, Will+ rCorr
                  | SInv}
 21135 | D:14     | Identified the +5 chain mail of Benevolence {Str+2}
 21409 | D:15     | Entered Level 15 of the Dungeon
 21549 | D:15     | Received a gift from Okawaru
 21796 | D:15     | Noticed Nessos
 21804 | D:15     | Killed Nessos
 21859 | D:15     | Found a staircase to the Depths.
 21964 | D:15     | Found a transporter.
 21970 | D:15     | Found a transporter.
 21988 | D:15     | Found a transporter.
 22071 | D:15     | Found a transporter.
 22532 | Swamp:1  | Entered Level 1 of the Swamp
 22546 | Swamp:1  | Received a gift from Okawaru
 23324 | Swamp:2  | Reached XP level 17. HP: 114/140 MP: 17/24
 23398 | Swamp:2  | Found a runed translucent gate.
 23399 | Swamp:2  | Found a runed translucent gate.
 23400 | Swamp:2  | Found a runed translucent gate.
 23401 | Swamp:2  | Noticed suomimenusko's ghost (adept NaFi)
 23536 | Swamp:2  | Reached skill level 10 in Invocations
 23538 | Swamp:2  | Received a gift from Okawaru
 24013 | Swamp:2  | Reached skill level 15 in Fighting
 24019 | Swamp:2  | Identified the +4 ring mail of Marbles {rElec rPois Int+2}
 24214 | Swamp:3  | Noticed Mara
 24281 | Swamp:3  | Noticed Konar's illusion
 24656 | Swamp:3  | Received a gift from Okawaru
 24737 | Swamp:3  | Noticed Donald
 24748 | Swamp:3  | Killed Donald
 25044 | Swamp:3  | Received a gift from Okawaru
 25264 | Swamp:4  | Entered Level 4 of the Swamp
 25373 | Swamp:4  | Found a basalt altar of Yredelemnul.
 25630 | Swamp:4  | Got a decaying rune of Zot
 25637 | Swamp:4  | Learned a level 5 spell: Arcjolt
 25645 | Swamp:4  | Learned a level 7 spell: Magnavolt
 25682 | Swamp:4  | Reached skill level 1 in Spellcasting
 25685 | Swamp:4  | Received a gift from Okawaru
 25696 | Swamp:4  | Reached XP level 18. HP: 122/151 MP: 25/25
 25768 | Swamp:4  | Reached skill level 1 in Air Magic
 26134 | Snake:1  | Entered Level 1 of the Snake Pit
 26700 | Snake:2  | Found Ycvathru's Assorted Antiques.
 26707 | Snake:2  | Bought a lumpy orange potion for 24 gold pieces
 26707 | Snake:2  | Bought a silvery potion for 24 gold pieces
 26731 | Snake:2  | Found Zulen's Jewellery Emporium.
 26759 | Snake:2  | Found Cotievvep's Distillery.
 26767 | Snake:2  | Received a gift from Okawaru
 26779 | Snake:2  | Reached skill level 5 in Spellcasting
 26797 | Snake:2  | Bought a potion of invisibility for 152 gold pieces
 26797 | Snake:2  | Bought a potion of heal wounds for 95 gold pieces
 26797 | Snake:2  | Bought a potion of heal wounds for 95 gold pieces
 26927 | Snake:2  | Reached skill level 1 in Evocations
 26930 | Snake:2  | Noticed Saint Roka
 26952 | Snake:2  | Killed Saint Roka
 26952 | Snake:2  | Received a gift from Okawaru
 26953 | Snake:2  | Reached skill level 2 in Evocations
 26961 | Snake:2  | Reached skill level 3 in Evocations
 26985 | Snake:2  | Reached skill level 4 in Evocations
 26994 | Snake:2  | Noticed Vashnia
 27348 | Snake:2  | Killed Vashnia
 27352 | Snake:2  | Reached skill level 5 in Evocations
 27484 | Snake:2  | Found Rapeg's Vocational Training.
 27492 | Snake:2  | Bought a manual of Evocations for 1040 gold pieces
 27582 | Snake:2  | Found Jiplu's Magic Scroll Shop.
 27597 | Snake:2  | Bought a scroll of blinking for 90 gold pieces
 27641 | Snake:2  | Found Beusinoh's Antique Armour Shop.
 27651 | Snake:2  | Bought a smoking ring mail for 351 gold pieces
 27651 | Snake:2  | Identified the +3 ring mail "Jinoluc" {rElec Regen+ Str+2}
                  | (You bought it in a shop on level 2 of the Snake Pit)
 27843 | Snake:3  | Reached skill level 6 in Evocations
 27878 | Snake:3  | Reached skill level 7 in Evocations
 27887 | Snake:3  | Received a gift from Okawaru
 27888 | Snake:3  | Found a transporter.
 27893 | Snake:3  | Found a transporter.
 27944 | Snake:3  | Found a transporter.
 27946 | Snake:3  | Found a transporter.
 28022 | Snake:3  | Reached skill level 8 in Evocations
 28130 | Snake:3  | Found a transporter.
 28133 | Snake:3  | Found a transporter.
 28191 | Snake:3  | Reached skill level 9 in Evocations
 28294 | Snake:4  | Entered Level 4 of the Snake Pit
 28491 | Snake:4  | Reached skill level 10 in Evocations
 28805 | Snake:4  | Reached XP level 19. HP: 148/161 MP: 27/27
 28805 | Snake:4  | Reached skill level 14 in Evocations
 28805 | Snake:4  | Reached XP level 20. HP: 155/168 MP: 28/28
 28833 | Snake:4  | Received a gift from Okawaru
 28834 | Snake:4  | Identified the serpent talisman of Gasautim {rElec rCorr
                  | Str-3 Int-4}
 28834 | Snake:4  | Noticed Aizul
 28840 | Snake:4  | Killed Aizul
 28850 | Snake:4  | Reached skill level 15 in Evocations
 28897 | Snake:4  | Reached skill level 16 in Evocations
 28938 | Snake:4  | Received a gift from Okawaru
 29095 | Snake:4  | Reached skill level 15 in Dodging
 29115 | Snake:4  | Got a serpentine rune of Zot
 29147 | Snake:4  | Reached skill level 17 in Evocations
 29225 | Snake:4  | Found Nygun's Jewellery Emporium.
 29228 | Snake:4  | Found Vidwumubb's General Store.
 29228 | Snake:4  | Found Majau's Antique Armour Shoppe.
 29233 | Snake:4  | Found Vom Cax's Book Shoppe.
 29236 | Snake:4  | Bought a potion of invisibility for 104 gold pieces
 29236 | Snake:4  | Bought a potion of heal wounds for 65 gold pieces
 29236 | Snake:4  | Bought a potion of invisibility for 104 gold pieces
 30231 | Elf:1    | Entered Level 1 of the Elven Halls
 30347 | Elf:1    | Noticed Frances
 30354 | Elf:1    | Killed Frances
 30722 | Elf:1    | You fall into a shaft and drop 1 floor!
 30730 | Elf:2    | Reached skill level 18 in Evocations
 30836 | Elf:1    | Noticed Roxanne
 30846 | Elf:1    | Killed Roxanne
 31009 | Elf:1    | Found Uvenwor's Antique Weapon Emporium.
 31277 | Elf:2    | Received a gift from Okawaru
 31487 | Elf:2    | Found Mevawk's General Store.
 31665 | Elf:2    | Found a runed translucent gate.
 31670 | Elf:2    | Found a runed translucent gate.
 31670 | Elf:2    | Found a runed translucent gate.
 31935 | Elf:2    | Reached skill level 19 in Evocations
 31948 | Elf:2    | Reached XP level 21. HP: 164/177 MP: 23/29
 32163 | Elf:2    | Received a gift from Okawaru
 32365 | Elf:3    | Entered Level 3 of the Elven Halls
 32697 | Vaults:1 | Entered Level 1 of the Vaults
 32697 | Vaults:1 | Found Wuneagoa's Antique Weapon Emporium.
 32988 | Vaults:1 | Reached skill level 20 in Evocations
 33005 | Vaults:1 | Received a gift from Okawaru
 33060 | Vaults:1 | Found Iqoleil's Weapon Emporium.
 33989 | Vaults:1 | Found Plog's Armour Shoppe.
 34193 | Vaults:2 | Reached skill level 21 in Evocations
 34295 | Vaults:2 | Identified the +0 leather armour "Vuerghijei" {Fly rC+
                  | Str+4}
 34548 | Vaults:2 | Received a gift from Okawaru
 34774 | Vaults:2 | Paralysed by a sphinx for 5 turns
 34938 | Vaults:2 | Reached XP level 22. HP: 124/185 MP: 26/30
 35091 | Vaults:2 | Found a staircase to the Crypt.
 35146 | Vaults:2 | Found Yblirhop's Magic Scroll Shoppe.
 35291 | Vaults:2 | Reached skill level 22 in Evocations
 35549 | Vaults:2 | Received a gift from Okawaru
 35759 | Vaults:3 | Found a magical portal.
 35764 | WizLab   | Entered Alistair's Party Mansion
 35788 | Abyss:2  | Cast into level 2 of the Abyss (an occultist)
 35960 | Abyss:2  | Found a corrupted altar of Lugonu.
 36192 | WizLab   | Escaped the Abyss
 36228 | WizLab   | Received a gift from Okawaru
 36329 | WizLab   | Reached skill level 23 in Evocations
 36368 | Abyss:2  | Cast into level 2 of the Abyss (an occultist)
 36394 | Abyss:3  | Found a corrupted altar of Lugonu.
 36469 | Abyss:3  | Noticed a dread lich
 36477 | Abyss:3  | Killed a dread lich
 36570 | WizLab   | Escaped the Abyss
 36633 | WizLab   | Acquired 972 gold pieces
 36686 | WizLab   | Received a gift from Okawaru
 36761 | WizLab   | Got Ruhekuohi's Octavo of Distillation
 36773 | WizLab   | Acquired 492 gold pieces
 37142 | Vaults:3 | Reached skill level 24 in Evocations
 37617 | Vaults:3 | Reached XP level 23. HP: 196/196 MP: 31/31
 37618 | Vaults:3 | Reached XP level 24. HP: 203/203 MP: 31/31
 37631 | Vaults:3 | Received a gift from Okawaru
 37647 | Vaults:3 | Reached skill level 25 in Evocations
 37879 | Vaults:3 | Identified the ring of the Histrionic Lemon {Wiz rN+ Int+4}
 39765 | Vaults:4 | Received a gift from Okawaru
 40197 | Vaults:4 | Reached skill level 26 in Evocations
 40409 | Vaults:4 | Found Rugokhol's Distillery.
 40417 | Vaults:4 | Bought a potion of resistance for 170 gold pieces
 40417 | Vaults:4 | Bought a potion of heal wounds for 85 gold pieces
 40417 | Vaults:4 | Bought a potion of haste for 170 gold pieces
 40417 | Vaults:4 | Bought a potion of heal wounds for 85 gold pieces
 40417 | Vaults:4 | Bought a potion of heal wounds for 85 gold pieces
 40904 | Depths:1 | Entered Level 1 of the Depths
 41001 | Depths:1 | Found a one-way gate to the infinite horrors of the Abyss.
 41049 | Depths:1 | Found a one-way gate leading to the halls of Pandemonium.
 41090 | Depths:1 | Found a gateway to Hell.
 41233 | Depths:1 | Received a gift from Okawaru
 41257 | Depths:1 | Found a hide-covered altar of Uskayaw.
 41373 | Depths:1 | Found a one-way gateway to a ziggurat.
 41415 | Depths:1 | Found Miynnoov's Antique Weapon Emporium.
 42076 | Depths:2 | Reached skill level 27 in Evocations
 42088 | Depths:2 | Reached XP level 25. HP: 147/213 MP: 26/31
 42090 | Depths:2 | Received a gift from Okawaru
 42318 | Depths:2 | Identified the +0 robe of Iskoh {^Contam Harm rC- rCorr}
 42530 | Depths:2 | Found a shadowy altar of Dithmenos.
 42752 | Depths:2 | Identified the +6 war axe "Dotu" {antimagic, rN+ Str+3}
 43460 | Snake:2  | Bought a manual of Invocations for 1040 gold pieces
 43481 | Snake:2  | Bought a faintly humming troll leather armour for 780 gold
                  | pieces
 43481 | Snake:2  | Identified the +0 troll leather armour of Keufatt {Regen+
                  | rCorr Int+3} (You bought it in a shop on level 2 of the
                  | Snake Pit)
 44179 | Depths:3 | Received a gift from Okawaru
 44565 | Depths:3 | Received a gift from Okawaru
 44792 | Depths:3 | Noticed a juggernaut
 44802 | Depths:3 | Killed a juggernaut
 44969 | Depths:3 | Noticed Vv
 44990 | Depths:3 | Killed Vv
 45431 | Depths:3 | Reached XP level 26. HP: 224/224 MP: 31/31
 45769 | Depths:3 | Acquired the +2 pair of boots "Jiufoj" {rPois rC- rCorr
                  | Dex+5}
 46277 | Depths:3 | Received a gift from Okawaru
 46440 | Depths:4 | Entered Level 4 of the Depths
 47272 | Depths:4 | Found a gate to the Realm of Zot.
 47448 | Depths:4 | Found Xefue's Antique Weapon Boutique.
 47472 | Depths:4 | Found a portal to a secret trove of treasure.
 47629 | Depths:4 | Reached skill level 10 in Shapeshifting
 47973 | Depths:4 | Found Iqailoze's Assorted Antiques.
 49128 | Elf:3    | Identified the +6 war axe of Offence {distort, +Blink rC-
                  | Str+3 Dex+3}
 49388 | Elf:3    | Identified the staff of Untruth {+Blink Fly rElec rPois rN+
                  | Necro}
 49404 | Elf:3    | Identified the +6 trident "Garowkedghu" {venom, rElec rPois
                  | Dex-5}
 49404 | Elf:3    | Identified the ring "Ujuiwahe" {rC- Str+6 Dex+5 Slay+5}
 49680 | Elf:3    | Got the Compendium of Phlogiston and Injury
 49700 | Elf:3    | Identified the staff "Nimnuuho" {rElec rC++ rN++ Dex-3 Air}
 49707 | Elf:3    | Identified the +9 dagger "Luam" {holy, rElec Str-5 Int+4}
 50004 | Slime:1  | Entered Level 1 of the Pits of Slime
 50279 | Slime:2  | Gained mutation: You occasionally lose the ability to read
                  | scrolls when taking damage. [a shining eye]
 50495 | Slime:2  | Reached XP level 27. HP: 222/231 MP: 31/31
 50593 | Slime:2  | Received a gift from Okawaru
 51171 | Slime:3  | You fall into a shaft and drop 1 floor!
 51219 | Slime:4  | Lost mutation: You occasionally lose the ability to read
                  | scrolls when taking damage. [potion of mutation]
 51219 | Slime:4  | Gained mutation: You have an increased reservoir of magic.
                  | (+10% MP) [potion of mutation]
 51219 | Slime:4  | Gained mutation: You are partially covered in iridescent
                  | scales. (AC +2) [potion of mutation]
 52238 | Slime:5  | Entered Level 5 of the Pits of Slime
 52306 | Slime:5  | Noticed the Royal Jelly
 52328 | Slime:5  | Killed the Royal Jelly
 52328 | Slime:5  | Received a gift from Okawaru
 52695 | Slime:5  | Acquired the +0 cloak "Erhes" {Slay+2}
 52733 | Slime:5  | Got a slimy rune of Zot
 52777 | Slime:5  | Gained mutation: You are dopey. (Int -2) [a shining eye]
 52997 | Slime:5  | Identified the staff of Makhleb, Enfolding {rN+ Will+ Necro
                  | Alchemy}
 53001 | Slime:5  | Identified the +7 broad axe of the Muttering Viper {spect,
                  | Str+4}
 53009 | Slime:5  | Identified the staff of Defenestration {^Contam rElec Conj
                  | Ice}
 53904 | Vaults:5 | Entered Level 5 of the Vaults
 53922 | Vaults:5 | Reached skill level 15 in Shapeshifting
 53982 | Vaults:5 | Found Vuso's Jewellery Shop.
 54020 | Vaults:5 | Got a silver rune of Zot
 54124 | Vaults:5 | Noticed a dread lich
 54190 | Vaults:5 | Noticed a dread lich
 54191 | Vaults:5 | Paralysed by a dread lich for 5 turns
 54198 | Vaults:5 | Killed a dread lich
 54264 | Vaults:5 | Killed a dread lich
 54297 | Vaults:5 | Identified the staff of Uskayaw's Envy {rPois Int+2 Earth}
 54827 | Vaults:5 | Noticed Jory
 54833 | Vaults:5 | Killed Jory
 54919 | Vaults:5 | Identified the +5 shortbow of Pijixe Usuo {antimagic, rF+
                  | Int+4}
 55079 | Vaults:5 | Acquired 1040 gold pieces
 56019 | Snake:2  | Bought a runed cloak for 292 gold pieces
 56326 | Depths:1 | Voluntarily entered the Abyss.
 56360 | Abyss:3  | Found a corrupted altar of Lugonu.
 56361 | Abyss:3  | Found a corrupted altar of Lugonu.
 56361 | Abyss:3  | Found a corrupted altar of Lugonu.
 56623 | Abyss:3  | Received a gift from Okawaru
 56731 | Abyss:3  | Found a transporter.
 56813 | Abyss:3  | Found a transporter.
 56819 | Abyss:3  | Got an abyssal rune of Zot
 56821 | Abyss:3  | Found a transporter.
 57011 | Abyss:3  | Noticed a dread lich
 57011 | Abyss:3  | Found a transporter.
 57020 | Abyss:3  | Killed a dread lich
 57053 | Abyss:3  | Found a corrupted altar of Lugonu.
 57188 | Depths:1 | Escaped the Abyss
 57384 | Zot:1    | Entered Level 1 of the Realm of Zot
 57388 | Zot:1    | Found a transporter.
 57395 | Zot:1    | Noticed Juzit's ghost (legendary GnFi)
 57533 | Zot:1    | Received a gift from Okawaru
 60154 | Zot:3    | Found an opulent altar of Gozag.
 60410 | Zot:4    | Received a gift from Okawaru
 60770 | Zot:4    | Noticed an orb of fire
 60778 | Zot:4    | Killed an orb of fire
 61899 | Zot:4    | Found a runed translucent gate.
 61900 | Zot:4    | Noticed Netemen's ghost (master GnFi)
 61993 | Zot:4    | Found a runed translucent gate.
 62012 | Zot:4    | Found a runed translucent gate.
 62350 | Zot:4    | Killed Netemen's ghost
 62462 | Zot:5    | Entered Level 5 of the Realm of Zot
 62598 | Zot:5    | Received a gift from Okawaru
 63132 | Zot:5    | Noticed a dread lich
 63133 | Zot:5    | Noticed a dread lich
 63133 | Zot:5    | Noticed an orb of fire
 63147 | Zot:5    | Killed an orb of fire
 63150 | Zot:5    | Noticed an ancient lich
 63151 | Zot:5    | Killed a dread lich
 63170 | Zot:5    | Killed an ancient lich
 63209 | Zot:5    | Noticed an ancient lich
 63214 | Zot:5    | Killed an ancient lich
 63215 | Zot:5    | Reached skill level 5 in Air Magic
 63234 | Zot:5    | Received a gift from Okawaru
 63272 | Zot:5    | Noticed a dread lich
 63273 | Zot:5    | Noticed an orb of fire
 63288 | Zot:5    | Killed an orb of fire
 63289 | Zot:5    | Reached skill level 10 in Spellcasting
 63292 | Zot:5    | Noticed an ancient lich
 63298 | Zot:5    | Killed an ancient lich
 63304 | Zot:5    | Killed a dread lich
 63320 | Zot:5    | Killed a dread lich
 63530 | Zot:5    | Noticed an orb of fire
 63533 | Zot:5    | Noticed a dread lich
 63536 | Zot:5    | Noticed an orb of fire
 63539 | Zot:5    | Killed an orb of fire
 63546 | Zot:5    | Killed a dread lich
 63558 | Zot:5    | Killed an orb of fire
 63674 | Zot:5    | Noticed a dread lich
 63676 | Zot:5    | Noticed a dread lich
 63683 | Zot:5    | Noticed an ancient lich
 63686 | Zot:5    | Killed a dread lich
 63695 | Zot:5    | Killed an ancient lich
 63776 | Zot:5    | Noticed a dread lich
 63782 | Zot:5    | Killed a dread lich
 63791 | Zot:5    | Killed a dread lich
 64058 | Depths:4 | Lost mutation: You are dopey. (Int -2) [potion of mutation]
 64058 | Depths:4 | Lost mutation: You are partially covered in iridescent
                  | scales. (AC +2) [potion of mutation]
 64058 | Depths:4 | Gained mutation: You expend magic power (3 MP) to
                  | strengthen your wands. [potion of mutation]
 64058 | Depths:4 | Gained mutation: You are partially covered in iridescent
                  | scales. (AC +2) [potion of mutation]
 64058 | Depths:4 | Gained mutation: You are strong-willed. (Will+) [potion of
                  | mutation]
 64119 | Depths:4 | You paid a toll of 4 potions of resistance to enter a
                  | treasure trove
 64120 | Trove    | Entered a treasure trove
 64194 | Hell     | Entered the Vestibule of Hell
 64194 | Hell     | Noticed Geryon
 64212 | Hell     | Killed Geryon
 64299 | Hell     | Found a gateway to the decaying netherworld of Tartarus.
 64514 | Hell     | Found a gateway to the ashen valley of Gehenna.
 64723 | Hell     | Found a gateway to the Iron City of Dis.
 64841 | Hell     | Found a gateway to the freezing wastes of Cocytus.
 64990 | Pan      | Entered Pandemonium
 65210 | Pan      | Received a gift from Okawaru
 65235 | Pan      | Noticed Omusec the pandemonium lord
 65242 | Pan      | Killed Omusec the pandemonium lord
 65365 | Pan      | Reached skill level 10 in Air Magic
 65662 | Pan      | Entered the realm of Lom Lobon.
 65862 | Pan      | Found an exit through the horrors of the Abyss.
 66111 | Pan      | Reached skill level 15 in Spellcasting
 66279 | Pan      | Noticed Lom Lobon
 66325 | Pan      | Killed Lom Lobon
 66488 | Pan      | Got a magical rune of Zot
 66615 | Pan      | Found an exit through the horrors of the Abyss.
 66816 | Pan      | Noticed Qung the pandemonium lord
 66832 | Pan      | Killed Qung the pandemonium lord
 67000 | Pan      | Received a gift from Okawaru
 67660 | Pan      | Received a gift from Okawaru
 67732 | Pan      | Noticed Qoes the pandemonium lord
 67743 | Pan      | Killed Qoes the pandemonium lord
 68710 | Pan      | Noticed Hyhey the pandemonium lord
 68721 | Pan      | Reached skill level 1 in Armour
 68741 | Pan      | Killed Hyhey the pandemonium lord
 68841 | Pan      | Identified the +1 scale mail of Qixzunupp {rElec Regen+
                  | Dex+2}
 69092 | Pan      | Received a gift from Okawaru
 69102 | Pan      | Noticed Iwunn the pandemonium lord
 69112 | Pan      | Killed Iwunn the pandemonium lord
 69217 | Pan      | Identified the +0 plate armour of Ignis's Supremacy {Harm
                  | Str+5}
 69233 | Pan      | Identified the +3 arbalest of the Throat {flame, +Blink
                  | rElec Str+2}
 69361 | Pan      | Reached skill level 5 in Armour
 69821 | Pan      | Identified the +8 tower shield "Wutumeso" {+Blink rPois
                  | rN++ Dex-5}
 69821 | Pan      | Noticed Mennas
 69836 | Pan      | Killed Mennas
 70005 | Pan      | Found an exit through the horrors of the Abyss.
 70069 | Pan      | Identified the +6 broad axe of the Imperium {venom, rF+
                  | Will+}
 70490 | Pan      | Noticed Ynais the pandemonium lord
 70503 | Pan      | Killed Ynais the pandemonium lord
 70503 | Pan      | Received a gift from Okawaru
 70643 | Pan      | Entered the realm of Gloorx Vloq.
 70931 | Pan      | Received a gift from Okawaru
 71008 | Pan      | Noticed Gloorx Vloq
 71025 | Pan      | Killed Gloorx Vloq
 71122 | Pan      | Got a dark rune of Zot
 72275 | Pan      | Received a gift from Okawaru
 72364 | Pan      | Reached skill level 10 in Armour
 72585 | Pan      | Noticed Sasostiro the pandemonium lord
 72593 | Pan      | Killed Sasostiro the pandemonium lord
 72643 | Pan      | Noticed Lir Ekut the pandemonium lord
 72735 | Pan      | Killed Lir Ekut the pandemonium lord
 73063 | Pan      | Found an exit through the horrors of the Abyss.
 73357 | Pan      | Took an exit into the Abyss.
 73357 | Abyss:3  | Escaped into the Abyss
 73360 | Abyss:3  | Found a corrupted altar of Lugonu.
 73365 | Depths:3 | Escaped the Abyss
 73569 | Orc:2    | Bought a lightning rod (4/4) for 680 gold pieces
 73782 | Snake:2  | Bought a steaming crystal plate armour for 2295 gold pieces
 73782 | Snake:2  | Identified the +10 crystal plate armour of the Cricket
                  | {Rampage rElec Will- Str+5} (You bought it in a shop on
                  | level 2 of the Snake Pit)
 74290 | Pan      | Entered the realm of Mnoleg.
 74290 | Pan      | Entered Pandemonium
 74680 | Pan      | Received a gift from Okawaru
 74750 | Pan      | Paralysed by accursed screaming for 1 turns
 75111 | Pan      | Noticed Mnoleg
 75420 | Pan      | Received a gift from Okawaru
 75472 | Pan      | Killed Mnoleg
 75502 | Pan      | Acquired 943 gold pieces
 75514 | Pan      | Got a glowing rune of Zot
 75899 | Pan      | Found an ancient bone altar of Kikubaaqudgha.
 75990 | Pan      | Reached skill level 15 in Air Magic
 76159 | Pan      | Found an exit through the horrors of the Abyss.
 76840 | Pan      | Got the Compendium of Ice
 76881 | Pan      | Identified the +8 chain mail of Free Expression {rPois
                  | Str+8 Stlth+}
 76890 | Pan      | Noticed Pueh the pandemonium lord
 76898 | Pan      | Killed Pueh the pandemonium lord
 76915 | Pan      | Entered the realm of Cerebov.
 77087 | Pan      | Received a gift from Okawaru
 77108 | Pan      | Found the +6 sword of Cerebov {flame}
 77108 | Pan      | Noticed Cerebov
 77464 | Pan      | HP: 6/231 [Cerebov/the +6 sword of Cerebov {flame} (43)]
 77464 | Pan      | Slain by Cerebov

Illustrated notes

Levels and vault maps discovered:
D:1:      minmay_arrival_cross, layout_basic, minmay_misc_feat_columns
D:2:      layout_basic, hellmonk_ecumenical_altar_blasted, uniq_robin
D:3:      layout_loops_ring, minitemple, nicolae_the_louvre
D:4:      layout_gridville, minmay_temple_entry_waves,
          minmay_misc_feat_more_columns
D:5:      layout_loops_corners, serial_aquarium, aquarium_bridge_square
          [aquarium_subvault_wall, aquarium_subvault_bridge,
          aquarium_subvault_balcony, aquarium_subvault_balcony],
          aquarium_window_2, aquarium_window_3, aquarium_view_2f,
          aquarium_view_2d, aquarium_balcony_3a, aquarium_pool_side,
          uniq_sigmund
D:6:      layout_loops_ring, pf_guarded_unrand_woodcutter
D:7:      layout_loops_corners
D:8:      layout_cave_pools, lair_entry_dummy, serial_shops,
          nicolae_stop_n_shop_2, dk_noncrumbling_4, kb_rosetta, uniq_maggie
D:9:      layout_stronghold, zombieorc2_lemuel, enter_bailey_2, minmay_evil_grid
D:10:     layout_roguey, kennysheep_mini, serial_corexii_hall,
          chequers_hall_statues_corner_a, corexii_hall_statues_i
D:11:     layout_roguey, portal_ice_cave_rime, uniq_amaemon, uniq_grum,
          uniq_fannar, uniq_erolcha
D:12:     layout_cave_pools, special_room [special_room_orc],
          nicolae_concentric_dashed_squares_wild, ashenzari_altar_1
D:13:     layout_irregular_city, kennysheep_just_a_vault, uniq_urug
D:14:     minmay_the_grid_net [minmay_the_grid_slots, minmay_the_grid_spikes,
          minmay_the_grid_mess, minmay_the_grid_broken_lines,
          minmay_the_grid_garden, minmay_the_grid_prize_four_corners],
          layout_rooms, david_vaults_4, minivault_25, serial_shops,
          nicolae_book_shop_shelving
D:15:     grunt_enter_depths_giant_problem, layout_stronghold,
          serial_park_avenue1, nicolae_transporter_intersection, uniq_nessos
Temple:   nicolae_temple_great_sept
Lair:1:   layout_chaotic_city, beast_lair_carwin_10, grunt_megastairs_1,
          uniq_gastronok
Lair:2:   layout_cave_pods, swamp_mist_pool, basic_altar,
          chequers_serial_rivers_room_a, serial_bayou_shore_b,
          lemuel_fruit_tree, lemuel_fruit_fields, infiniplex_staircase_pool,
          serial_bayou_shore_a
Lair:3:   layout_chaotic_city, guppyfry_snake_entry_island,
          roderic_carrion_pond, dreamdust_wasp_nest, grunt_megastairs_2,
          serial_bayou_shore_b, uniq_sonja, uniq_kirke
Lair:4:   layout_cellular_growth
Lair:5:   grunt_lair_end_beastmaster, layout_misc_corridors,
          minmay_slime_entry_pillars
Swamp:1:  layout_basic_swamp, evilmike_swamp_ruin_house_2, swamp_pool_5,
          nicolae_swamp_decorative_isthmus
Swamp:2:  layout_basic_swamp, gammafunk_ghost_necromancy,
          evilmike_swamp_ruin_house_5, nicolae_swamp_tree_designs,
          swamp_pool_1_2, nicolae_swamp_trees_clearing, nicolae_swamp_no_escape
Swamp:3:  layout_basic_swamp, serial_swamp_ruin, hangedman_swamp_ruin_hall,
          evilmike_swamp_ruin_rubble_2, evilmike_swamp_ruin_house_1,
          swamp_pool_4, nicolae_swamp_bunyip_nook, uniq_mara, uniq_donald
Swamp:4:  swamp, layout_basic_swamp, lemuel_altar_in_water
Snake:1:  layout_rooms, nicolae_snake_linked_coils
Snake:2:  layout_rooms, serial_shops, nicolae_shop_rolling_square, shop,
          nicolae_stop_n_shop_1, shop, shop, nicolae_shop_vocational,
          uniq_vashnia, uniq_saint_roka
Snake:3:  layout_rooms, serial_nicolae_subway, nicolae_sub_station_crystal,
          nicolae_sub_station_metal, nicolae_sub_station_stone,
          serial_bayou_shore_b
Snake:4:  johnstein_snake_rune_scales, layout_chambers, special_room,
          grunt_megastairs_4, minmay_shoptagon, uniq_aizul
Slime:1:  layout_caves
Slime:2:  layout_caves, nicolae_slime_crime_time
Slime:3:  layout_caves, nicolae_slime_getting_an_eyeful
Slime:4:  layout_caves, nicolae_slime_round_cave
Slime:5:  slime_pit_nicolae_trefoil
Orc:1:    hellmonk_paralyzer, layout_diamond_mine, serial_shops,
          nicolae_shop_bloodbath_and_beyond
Orc:2:    grunt_orc_gardens, layout_caves, grunt_orc_garden, grunt_orc_garden,
          grunt_orc_garden, grunt_orc_garden, minmay_orc_temple_c,
          uniq_josephine
Elf:1:    minmay_elf_arrival_plus, layout_geoelf_diagonals, serial_shops, shop,
          minmay_elf_crystal_hexagon, uniq_roxanne, uniq_frances
Elf:2:    nicolae_elf_blades_crystal_corner, layout_gridlike, serial_shops,
          shop, minivault_14
Elf:3:    elf_hall, layout_geoelf_octagon, serial_aquarium,
          aquarium_bridge_island_small [aquarium_subvault_small_open,
          aquarium_subvault_balcony, aquarium_subvault_wall,
          aquarium_subvault_window, aquarium_subvault_bridge],
          aquarium_bridge_long_separate [aquarium_subvault_wall,
          aquarium_subvault_bridge, aquarium_subvault_wall,
          aquarium_subvault_bridge, aquarium_subvault_wall,
          aquarium_subvault_bridge], aquarium_window_1, aquarium_window_fake,
          aquarium_window_1, aquarium_window_1, aquarium_view_2d,
          aquarium_view_2a, aquarium_balcony_3a, aquarium_pool_2,
          nicolae_elf_glass_and_crystal_pillar_2
Vaults:1: hangedman_vaults_nails, nicolae_vaults_big_angled_halls, v_misc_19,
          vaults_mumra_minichess_inversion, v_misc_33,
          hangedman_vaults_variations, vaults_mumra_chevron,
          nicolae_vaults_surprise_closet_hard, v_misc_18,
          nicolae_vaults_diamond_1, vaults_mumra_hexcomb,
          nicolae_vaults_cochlea, layout_vaults_maze, serial_shops, shop, shop,
          shop
Vaults:2: minmay_crypt_entry_simple_sparse, nicolae_vaults_surprise_closet,
          nicolae_vaults_oval_intersection, nicolae_vaults_trapezoid_lopsided_2,
          nicolae_vaults_diamond_1, st_lattice, nicolae_vaults_sightless_eye,
          vaults_dpeg_hooks, v_pattern_3, v_misc_10, minmay_orc_keep,
          nicolae_vaults_tetromino_T_2, grunt_vaults_focal, layout_vaults_ring,
          serial_shops, shop
Vaults:3: mu_enter_wizlab_2, gargoyle_guard,
          nicolae_vaults_doubleplus_tesselated, dpeg_vaults_monster_box,
          nicolae_vaults_closet_pinwheel_2, v_misc_8, ontoclasm_vaults_gateway,
          v_misc_30, vaults_mumra_chevron_long, nicolae_vaults_turnstiles,
          vaults_room_grunt_arrival_ludios, vaults_room_hallway,
          layout_vaults_big_room
Vaults:4: v_rooms_3, hangedman_vaults_maws, nicolae_vaults_house_1,
          nicolae_vaults_closet_pinwheel_6, nicolae_vaults_layer_cake_slice,
          nicolae_vaults_tetromino_T_1, nicolae_vaults_network_quincunx
          [nicolae_vaults_network_quincunx_subvault,
          nicolae_vaults_network_quincunx_subvault,
          nicolae_vaults_network_quincunx_subvault,
          nicolae_vaults_network_quincunx_subvault,
          nicolae_vaults_network_quincunx_subvault], nicolae_vaults_house_1,
          st_octagons_2, vaults_room_large_hall, nicolae_vaults_wine_cellar,
          v_rooms_4, grunt_vaults_diagonal, nicolae_vaults_prndl,
          layout_vaults_omnibox, serial_shops, shop
Vaults:5: uniq_jory
Depths:1: layout_honeycomb, enter_ziggurat_e, abyss_entry,
          rand_demon_pan_entry_3, chequers_serial_rivers_small_a, hell_entry,
          serial_shops, nicolae_shop_tiny_real_fake_doors,
          nicolae_uskayaw_dance_hall
Depths:2: minmay_chopped_fan, layout_cave_shapes, grunt_pan_entry_spiral,
          hell_entry, grunt_dithmenos_smoke, abyss_entry, uniq_josephina
Depths:3: grunt_twisty_corner, layout_basic, grunt_pan_entry_zigzag, hell_entry,
          grunt_decor_resistance, regret_index_abyss_entry_already_here,
          grunt_megastairs_3, uniq_vv
Depths:4: grunt_x_marks_the_spot, layout_twisted_cross,
          nicolae_trove_entry_path_of_doom, serial_shops,
          nicolae_shop_advertising_works [nicolae_subvault_shop_adworks],
          nicolae_shop_hallway_plus, hell_entry, hangedman_abyss_entry_splay,
          roderic_lattice_a, serial_bayou_shore_b
Hell
Zot:1:    layout_cathedral_of_symmetry, gammafunk_ghost_berserking_beasts
Zot:2:    layout_gridville, regret_index_zotdec_banners
Zot:3:    layout_onion_interference, regret_index_zotdec_silver_v_v_orig_slice
Zot:4:    layout_gridlike, gammafunk_ghost_split
Zot:5:    layout_cathedral_of_symmetry
Pan:      nicolae_pan_glass_arcs, layout_pan_divisions_a
          [pan_division_quadrant_a5, pan_division_quadrant_a2,
          pan_division_quadrant_a4, pan_division_quadrant_a6,
          pan_division_octagon_divided], lom_lobon_st, layout_gridlike,
          grunt_pan_pentagram, layout_irregular_city, nicolae_pan_sigil_nadil,
          evilmike_mini_pan_3x3, layout_basic, evilmike_mini_pan_doors_b,
          layout_rooms, pan_blood_fountain_small, nicolae_pan_mnolegish_3,
          nicolae_pan_diamonds, layout_onion_city, nicolae_pan_gloorx_vloqian_4,
          evilmike_mini_pan_pillars_b, layout_gridlike, uniq_mennas_pan,
          pan_blood_fountain_small, regret_index_pan_divided_teeth, gloorx_vloq,
          layout_gridlike, rand_demon_4, layout_gridlike,
          reaverb_pan_figure_eight, nicolae_pan_hourglass,
          layout_irregular_city, evilmike_mnoleg_eyes, layout_stronghold,
          rand_demon_4, layout_gridlike, pan_blood_fountain_small,
          pan_blood_fountain_1, cerebov_grunt, layout_irregular_city,
          nicolae_pan_mnolegish_2

Skill      XL: |  1  2  3  4  5  6  7  8  9 10 11 12 13 14 15 16 17 18 19 20 21 22 23 24 25 26 27 |
---------------+----------------------------------------------------------------------------------+-----
Ranged Weapons | 4 5 6 7 9 10 12 13 14 16 17 18 | 18.0
Fighting       | 3 4 5 6 8 9 10 11 12 13 14 16 17 18 19 20 22 | 22.0
Shapeshifting  | 1 2 3 5 6 7 11 23 | 23.0
Dodging        | 4 6 7 8 9 10 11 13 14 15 16 17 18 20 21 22 | 22.0
Invocations    | 3 5 6 8 9 10 | 10.0
Spellcasting   | 1 5 18 | 18.7
Air Magic      | 3 15 | 15.3
Evocations     | 10 14 19 21 24 27 | 27.0
Armour         | 13 | 13.8
Stealth        | |  0.7

Action                     |  1- 3 |  4- 6 |  7- 9 | 10-12 | 13-15 | 16-18 | 19-21 | 22-24 | 25-27 || total
---------------------------+-------+-------+-------+-------+-------+-------+-------+-------+-------++-------
   Fire: Sling             |   120 |   202 |   318 |   428 |       |       |       |       |       ||  1068
         Arbalest          |       |       |    82 |    38 |       |       |       |       |       ||   120
         Greatsling        |       |       |       |   208 |   703 |  1032 |   807 |  1002 |  5206 ||  8958
         Hand cannon       |       |       |       |    68 |   703 |  1032 |   807 |  1002 |  5206 ||  8818
 Invoke: Renounce Religion |       |     1 |       |       |       |       |       |       |       ||     1
         Receive Weapon    |       |       |       |     1 |       |       |       |       |       ||     1
         Receive Armour    |       |       |       |     1 |       |       |       |       |       ||     1
         Finesse           |       |       |       |       |     5 |     9 |     5 |     3 |    44 ||    66
         Heroism           |       |       |       |       |     5 |     9 |     5 |     2 |    49 ||    70
Ability: Invent Gizmo      |       |       |       |       |     1 |       |       |       |       ||     1
         Siphon Essence    |       |       |       |       |       |       |       |       |     1 ||     1
         Evoke Blink       |       |       |       |       |       |       |       |       |     1 ||     1
    Use: Scroll            |     3 |    10 |     6 |     7 |     9 |     6 |     3 |     4 |    25 ||    73
         Potion            |       |       |     2 |     3 |     1 |     1 |     3 |     1 |    19 ||    30
 Armour: Leather armour    |    13 |    16 |    44 |    30 |    44 |    87 |    85 |    49 |       ||   368
         Skin              |       |       |    14 |       |       |       |       |       |       ||    14
         Steam dragon scal |       |       |       |    34 |       |       |       |       |       ||    34
         Acid dragon scale |       |       |       |    30 |       |       |       |       |       ||    30
         Ring mail         |       |       |       |       |    16 |       |       |    40 |   784 ||   840
  Dodge: Dodged            |    11 |    17 |    42 |    67 |    77 |   125 |   215 |   258 |  2079 ||  2891
         Repelled          |       |       |       |       |    11 |    37 |    36 |    39 |   128 ||   251
   Form: Beast             |       |     1 |       |       |       |       |       |       |       ||     1
                           |       |       |       |       |     1 |       |       |       |     1 ||     2
         Death             |       |       |       |       |       |       |       |       |     2 ||     2

Table legend: (Time is in decaauts)
 A = Elapsed time spent in this place.
 B = Non-inter-level travel time spent in this place.
 C = Inter-level travel time spent in this place.
 D = Time resting spent in this place.
 E = Time spent auto-exploring this place.
 F = Levels seen in this place.
 G = Mean time per level.
                   A        B        C        D        E       F      G
               +--------+--------+--------+--------+--------+-----+--------+
         Total |  75214 |  65153 |  10061 |   4229 |  47795 |  76 |  989.7 |
       Dungeon |  16796 |  13047 |   3749 |   1067 |   9966 |  15 | 1119.7 |
        Temple |      1 |      1 |      0 |      0 |      0 |   1 |    1.0 |
          Lair |   6304 |   4736 |   1568 |    195 |   3823 |   5 | 1260.8 |
         Swamp |   3689 |   3404 |    285 |    334 |   2539 |   4 |  922.2 |
     Snake Pit |   4266 |   3501 |    765 |    301 |   2577 |   4 | 1066.5 |
    Slime Pits |   3434 |   3090 |    344 |    417 |   2108 |   5 |  686.8 |
  Orcish Mines |   1899 |   1504 |    395 |      0 |   1170 |   2 |  949.5 |
   Elven Halls |   3631 |   3127 |    504 |      5 |   2609 |   3 | 1210.3 |
        Vaults |   8156 |   7136 |   1020 |    249 |   5592 |   5 | 1631.2 |
        Depths |   7120 |   6265 |    855 |    245 |   5021 |   4 | 1780.0 |
          Hell |    655 |    643 |     12 |      0 |    405 |   1 |  655.0 |
           Zot |   5701 |   5140 |    561 |    889 |   3276 |   5 | 1140.2 |
         Abyss |   1337 |   1337 |      0 |    183 |      0 |   5 |  267.4 |
   Pandemonium |  10903 |  10903 |      0 |    223 |   8262 |  13 |  838.7 |
         Trove |     34 |     34 |      0 |      0 |     18 |   1 |   34.0 |
        Bailey |    480 |    480 |      0 |    105 |    165 |   1 |  480.0 |
      Ice Cave |    379 |    379 |      0 |      0 |    234 |   1 |  379.0 |
        Wizlab |    420 |    420 |      0 |     11 |     27 |   1 |  420.0 |
               +--------+--------+--------+--------+--------+-----+--------+

Top non-repeatable levels by time:
Depths:3: 2858 daAuts
Vaults:3: 1784 daAuts
     D:9: 1748 daAuts
Vaults:4: 1716 daAuts
   Zot:2: 1715 daAuts
Depths:4: 1655 daAuts
  Lair:2: 1629 daAuts
 Snake:4: 1603 daAuts
Vaults:2: 1557 daAuts
Vaults:5: 1549 daAuts
Vaults:1: 1549 daAuts
    D:10: 1462 daAuts
  Lair:3: 1441 daAuts
    D:14: 1401 daAuts
  Lair:1: 1386 daAuts
